AoeStats
← chicken

Arabia

508805680Analyzed
2v2 RM · 7d ago on Sep 24, 2026· 49m 6s· 4 players
Game mode
Random Map
Map size
Medium (4 player)
Population
200
Speed
Normal
Resources
Standard
Victory
Conquest
Starting age
Dark Age
Ending age
Imperial Age
RankedLock teamsTeams togetherTeam positionsShared explorationLock speedFull tech treeHidden civsTurbo modeCheats
Victory
Defeat
🇺🇸 Vietnamese · United States
1243
+15
🇺🇸 Mongols · United States
1243
+15
🇨🇦 Magyars · Canada
1297
-18
🇨🇱 Celts · Chile
1155
-12
Nhitty
5:04 Loom
12:21 Feudal Age
14:54 Double-Bit Axe
19:14 Castle Age
17:28 Horse Collar
20:41 Gold Mining
23:32 Gold Shaft Mining
31:38 Wheelbarrow
31:19 Husbandry
34:19 Imperial Age
32:21 Fletching
32:59 Bodkin Arrow
33:29 Bow Saw
34:20 Bloodlines
34:49 Ballistics
35:09 Bracer
36:36 Recurve Bow
37:32 Parthian Tactics
37:41 Padded Archer Armor
39:38 Thumb Ring
40:27 Leather Archer Armor
40:24 Corvinian Army
40:32 Scale Barding Armor
42:00 Chemistry
41:41 Heavy Cavalry Archer
43:19 Hand Cart
43:51 Ring Archer Armor
48:45 Chain Barding Armor
TheRemover
7:38 Loom
9:46 Feudal Age
10:06 Man-at-Arms
20:16 Castle Age
18:08 Fletching
19:49 Scale Mail Armor
19:37 Arson
19:41 Double-Bit Axe
19:39 Horse Collar
20:22 Elite Skirmisher
20:54 Long Swordsman
21:23 Gambesons
21:28 Horse Collar
23:13 Bodkin Arrow
23:27 Pikeman
25:48 Long Swordsman
28:18 Wheelbarrow
28:30 Gold Mining
29:32 Forging
29:40 Stone Mining
33:14 Chain Mail Armor
35:50 Padded Archer Armor
36:58 Leather Archer Armor
37:22 Iron Casting
38:40 Gold Shaft Mining
47:36 Imperial Age
45:22 Hand Cart
46:41 Leather Archer Armor
46:31 Stronghold
47:40 Masonry
47:58 Onager
49:39 Plate Mail Armor
chicken
8:51 Feudal Age
9:52 Loom
11:10 Double-Bit Axe
20:32 Castle Age
19:56 Scale Barding Armor
20:03 Forging
19:47 Gold Mining
19:40 Horse Collar
20:19 Bloodlines
22:00 Wheelbarrow
21:56 Chain Barding Armor
24:16 Husbandry
25:46 Iron Casting
36:44 Imperial Age
34:03 Town Watch
35:18 Stone Mining
36:06 Ballistics
35:37 Fletching
35:36 Light Cavalry
36:51 Bodkin Arrow
36:56 Padded Archer Armor
37:15 Hand Cart
38:00 Conscription
37:16 Hussar
39:17 Bow Saw
40:55 Blast Furnace
39:57 Bracer
40:13 Leather Archer Armor
41:03 Chemistry
42:52 Town Patrol
42:20 Elite Mangudai
42:37 Elite Mangudai
45:20 Blast Furnace
Twister
7:09 Loom
7:38 Loom
9:48 Feudal Age
10:22 Double-Bit Axe
17:29 Fletching
18:52 Padded Archer Armor
25:47 Castle Age
24:41 Scale Mail Armor
25:22 Forging
25:56 Crossbowman
26:42 Thumb Ring
27:57 Leather Archer Armor
29:03 Ballistics
28:46 Gold Mining
30:32 Bow Saw
30:35 Bodkin Arrow
32:11 Wheelbarrow
34:32 Hand Cart
36:11 Town Watch
41:37 Imperial Age
41:54 Arbalester
42:35 Bracer
43:37 Chemistry
45:20 Elite Skirmisher
46:24 Imperial Skirmisher
47:49 Paper Money
Connection lost

Rejoining the realm…

Still unreachable

The connection could not be restored.

Session expired

The server has moved on; the page needs a fresh start.